 Dungeon Crawl Stone Soup version 0.27-a0-797-g27d10ad80f (webtiles) character file.

Game seed: 17435573958298191990

76 polve the Skirmisher (level 4, -3/35 HPs)
             Began as a Demonspawn Abyssal Knight on Mar 27, 2021.
             Was a Follower of Lugonu.
             Slain by Robin
             ... wielding a +0 spear
              (7 damage)
             ... on level 1 of the Dungeon.
             The game lasted 00:01:51 (2238 turns).

polve the Skirmisher (Demonspawn Abyssal Knight)    Turns: 2238, Time: 00:01:52

Health: -3/35      AC:  5    Str: 12    XL:     4   Next: 12%
Magic:  5/5        EV: 11    Int: 14    God:    Lugonu [*.....]
Gold:   55         SH:  0    Dex: 13    Spells: 3/3 levels left

rFire    . . .     SeeInvis .   a - +1 falchion
rCold    . . .     Faith    .   (no shield)
rNeg     . . .     Spirit   .   b - +0 leather armour
rPois    .         Reflect  .   (no helmet)
rElec    .         Harm     .   (no cloak)
rCorr    .         Rampage  .   e - +1 pair of gloves
Will     .....                  (no boots)
Stlth    +.........             (no amulet)
HPRegen  0.11/turn              (no ring)
MPRegen  0.09/turn              (no ring)

@: no status effects
A: claws 2
a: Renounce Religion, Depart the Abyss


You were on level 1 of the Dungeon.
You worshipped Lugonu.
Lugonu was aware of your devotion.
You visited 1 branch of the dungeon, and saw 2 of its levels.
You visited the Abyss 1 time.

You collected 55 gold pieces.

Inventory:

Hand Weapons
 a - a +1 falchion (weapon)
Armour
 b - a +0 leather armour (worn)
 e - a +1 pair of gloves (worn)
 k - a +0 cloak
Jewellery
 d - a ring of resist corrosion
Scrolls
 c - a scroll of enchant weapon {unknown}
 i - 2 scrolls of silence {unknown}
 j - a scroll of holy word {unknown}
 l - a scroll of teleportation {unknown}
Potions
 f - a potion of resistance {unknown}
 g - a potion of lignification {unknown}
 h - a potion of degeneration {unknown}


   Skills:
 - Level 3.0 Fighting
 - Level 2.5 Long Blades
 - Level 1.7 Armour
 - Level 0.8 Dodging
 + Level 2.9 Unarmed Combat
 - Level 2.4 Invocations


You had 3 spell levels left.
You didn't know any spells.
Your spell library was empty.

Dungeon Overview and Level Annotations

Branches:
Dungeon (2/15)

Altars:

Annotations:
D:1 Robin


Innate Abilities, Weirdness & Mutations

You have very sharp fingernails.


Message History

There is a stone staircase leading down here.
You slash the goblin!
You kill the goblin!
Lugonu accepts your kill.
You see here a +0 dagger.
HP restored.
Done exploring.
There is a stone staircase leading down here.
You climb downwards.
Level annotation: Robin Robin barely misses you.
You riposte.
Your leather armour prevents you from hitting Robin.
Robin roars a battlecry!
The hobgoblins go into a battle-frenzy!
There is a stone staircase leading up here.
You hit Robin but do no damage. Robin hits you with a +0 spear.
You hit Robin.
Robin is lightly wounded.
The hobgoblin barely misses you. Robin hits you with a +0 spear.
You hit the hobgoblin.
The hobgoblin is severely wounded.
The hobgoblin hits you. Robin hits you with a +0 spear.
The hobgoblin hits you but does no damage.
Robin barely misses you. The hobgoblin hits you.
You climb upwards.
There is a stone staircase leading down here.
You closely miss the hobgoblin.
The hobgoblin is heavily wounded.
Robin barely misses you.
You riposte.
You hit Robin.
Robin is heavily wounded.
The hobgoblin hits you!
You hit the hobgoblin but do no damage.
The hobgoblin is heavily wounded.
Robin hits you with a +0 spear.
* * * LOW HITPOINT WARNING * * *
The hobgoblin completely misses you. Robin hits you with a +0 spear.
* * * LOW HITPOINT WARNING * * *
Robin completely misses you.
Robin hits you from afar with a +0 spear!
You die...

#........# #..#
#.######## #..# #.#
#..# #.# #..# #.#
#..# #.# #..# #.#
#..# #.# #..# #@#
#..# #####g########
#.##
#....g>......#####.##
#.######.###.##.....#
#.# #.# #.##.###.#
#.# #.# #....# #.#
#.# #.# ####.###(#
#.# #.# #.....# #.#
#.# ###...#


You could see Robin and a hobgoblin (strong).

Vanquished Creatures
  Jessica (D:2)
  An adder (D:2)
  3 ball pythons (D:1)
  2 bats (D:1)
  4 endoplasms (D:1)
  10 goblins
  4 hobgoblins
  3 jackals (D:1)
  4 quokkas
  3 rats
35 creatures vanquished.

Notes
Turn   | Place    | Note
-------+----------+-------------------------------------------
     0 | Abyss:1  | polve the Demonspawn Abyssal Knight began the quest for the
                  | Orb.
     0 | Abyss:1  | Reached XP level 1. HP: 18/18 MP: 2/2
    16 | Abyss:1  | Found a corrupted altar of Lugonu.
    94 | Abyss:1  | Found a corrupted altar of Lugonu.
   104 | Abyss:1  | Noticed a tentacled starspawn
   146 | Abyss:2  | Noticed a blink frog
   149 | D:1      | Escaped the Abyss
   329 | D:1      | Reached * piety under Lugonu
   349 | D:1      | Gained mutation: You have sharp fingernails. [demonic
                  | ancestry]
   349 | D:1      | Reached XP level 2. HP: 19/24 MP: 3/3
   564 | D:1      | Reached skill level 1 in Unarmed Combat
  1256 | D:2      | Gained mutation: You have very sharp fingernails. [demonic
                  | ancestry]
  1256 | D:2      | Reached XP level 3. HP: 24/29 MP: 4/4
  1260 | D:2      | Found a faded altar of an unknown god.
  1318 | D:2      | Noticed Jessica
  1322 | D:2      | Killed Jessica
  1683 | D:2      | Reached XP level 4. HP: 28/35 MP: 5/5
  1777 | D:2      | Noticed Robin
  2238 | D:1      | Slain by Robin

Illustrated notes

Levels and vault maps discovered:
D:1:      dpeg_arrival_shrine, layout_loops_ring, palyth_stone_intersect
D:2:      layout_loops_ring, makhleb_altar_promises_db,
          chequers_ecumenical_altar_island, grunt_ministairs_8, uniq_robin,
          uniq_jessica

Skill      XL: |  1  2  3 |
---------------+----------+-----
Long Blades    | 2 |  2.5
Unarmed Combat | 1 2 |  2.9
Fighting       | |  3.0
Armour         | |  1.7
Dodging        | |  0.8
Invocations    | |  2.4

Action                   |  1- 3 |  4- 6 || total
-------------------------+-------+-------++-------
Melee: Falchion          |    75 |    19 ||    94
Invok: Depart the Abyss  |     1 |       ||     1
Armor: Leather armour    |    24 |    12 ||    36
Dodge: Dodged            |    42 |    27 ||    69
       Rpst.: Falchion   |    18 |     9 ||    27

Table legend: (Time is in decaauts)
 A = Elapsed time spent in this place.
 B = Non-inter-level travel time spent in this place.
 C = Inter-level travel time spent in this place.
 D = Time resting spent in this place.
 E = Time spent auto-exploring this place.
 F = Levels seen in this place.
 G = Mean time per level.
                   A        B        C        D        E       F      G
               +--------+--------+--------+--------+--------+-----+--------+
         Total |   2267 |   2256 |     11 |      0 |   1952 |   4 |  566.8 |
       Dungeon |   2117 |   2106 |     11 |      0 |   1830 |   2 | 1058.5 |
         Abyss |    150 |    150 |      0 |      0 |    122 |   2 |   75.0 |
               +--------+--------+--------+--------+--------+-----+--------+

Top non-repeatable levels by time:
     D:1: 1516 daAuts
     D:2: 600 daAuts
 Abyss:1: 126 daAuts
 Abyss:2: 23 daAuts
